Map: Prion Terraces

Players

MillMlorD (MarineLorD) - Winner!

  • Race: Terran Terran

NXZ

  • Race: Zerg Zerg
  • League: Grandmaster

Event: NationWars III

VOD

Have the link to the VOD?

Description

Time

  • Played on: Dec. 5, 2015, 1:15 p.m.
  • Length: 8:13
Show
View Real Time Build Order
Export as new Build Order

MillMlorD Terran - Winner!

Build Orders:  

Get SALT Encoding   

  12  0:00  SCV  
  13  0:13  SCV  
  14  0:17  Supply Depot  
  14  0:25  SCV  
  15  0:29  Refinery  
  15  0:39  SCV  
  16  0:44  Barracks  
  16  0:51  SCV  
  17  1:00  Barracks  
  17  1:04  SCV  
  18  1:16  SCV  
  19  1:23  Barracks  
  19  1:29  SCV  
  19  1:31  Reaper  
  21  1:41  Orbital Command  
  22  1:47  Reaper  
  22  1:52  Supply Depot  
  22  1:59  Refinery  
  22  2:04  Reaper  
  23  2:14  SCV, Reaper  
  25  2:26  SCV, Reaper  
  27  2:36  Reaper  
  28  2:38  SCV  
  29  2:44  Supply Depot  
  29  2:50  SCV, Reaper  
  31  3:05  SCV, Reaper  
  31  3:11  Command Center  
  31  3:12  Reaper  
  34  3:18  SCV  
  35  3:22  Reaper  
  36  3:30  SCV  
  35  3:38  Reaper  
  36  3:42  SCV  
  36  3:44  Reaper  
  38  3:54  SCV  
  39  3:55  Command Center  
  39  3:58  Supply Depot  
  39  4:13  SCV  
  39  4:19  Reaper x2, Marine  
  42  4:25  SCV  
  43  4:32  Barracks x2  
  43  4:37  Reaper  
  43  4:38  SCV  
  43  4:46  Orbital Command  
  43  4:50  Bunker  
  43  4:51  Reaper  
  41  4:53  SCV  
  41  4:58  Supply Depot x2  
  43  5:05  SCV  
  44  5:08  Barracks Tech Lab  
  44  5:11  Orbital Command  
  43  5:16  Supply Depot  
  43  5:17  SCV  
  44  5:25  Barracks Reactor x4  
  44  5:27  Stimpack, Marine  
  45  5:32  SCV  
  45  5:34  SCV  
  47  5:38  SCV  
  48  5:44  Marine  
  48  5:45  SCV  
  48  5:46  SCV  
  51  5:50  SCV  
  52  5:58  SCV x2  
  52  6:01  Factory  
  52  6:02  SCV, Marine  
  56  6:04  Marine x6  
  56  6:05  Marine x2  
  56  6:10  SCV  
  64  6:19  SCV  
  64  6:20  Orbital Command, Marine  
  64  6:22  SCV, Marine x2  
  64  6:25  Engineering Bay  
  70  6:26  Engineering Bay  
  70  6:27  Marine  
  70  6:28  Refinery x2  
  70  6:31  SCV, Marine  
  70  6:32  Marine x3  
  75  6:33  Marine  
  75  6:35  SCV  
  75  6:38  Marine  
  78  6:40  Marine x2  
  78  6:45  Marine  
  82  6:47  SCV  
  82  6:49  Marine  
  82  6:50  Marine x2  
  82  6:53  SCV  
  86  6:56  SCV, Marine  
  86  6:57  Marine x3  
  86  6:58  Starport  
  86  6:59  SCV  
  92  7:02  Factory Reactor  
  92  7:05  Marine x2  
  92  7:07  Marine  
  92  7:08  Marine  
  96  7:11  SCV  
  96  7:17  Marine  
  96  7:18  Marine x4  
  101  7:23  Supply Depot, Refinery  
  101  7:25  Supply Depot  
  101  7:26  SCV x2, Marine x3  
  101  7:29  Marine  
  107  7:35  Marine x2  
  109  7:37  Supply Depot  
  109  7:38  Supply Depot  
  109  7:45  SCV x2, Marine x2  
  109  7:46  Marine x3  
  116  7:55  Factory Reactor  
  116  7:57  SCV  
Show
View Real Time Build Order
Export as new Build Order

NXZ Zerg 

Build Orders: Hatch First 

Get SALT Encoding   

  12  0:01  Drone  
  13  0:12  Overlord  
  13  0:18  Drone  
  14  0:31  Drone x2  
  14  0:35  Drone  
  17  0:53  Hatchery  
  17  0:55  Drone  
  17  0:58  Drone  
  17  1:01  Extractor  
  17  1:13  Spawning Pool  
  17  1:16  Drone  
  17  1:20  Drone  
  18  1:28  Drone  
  19  1:39  Overlord  
  19  2:00  Zergling x2, Queen  
  19  2:01  Zergling x2  
  23  2:05  Queen  
  23  2:06  Zergling x2  
  23  2:07  Metabolic Boost  
  26  2:12  Drone  
  27  2:16  Drone  
  27  2:22  Drone  
  29  2:27  Drone  
  30  2:36  Overlord  
  30  2:38  Queen  
  30  2:42  Queen  
  33  2:48  Zergling x4  
  35  3:01  Drone x3  
  38  3:07  Zergling x2  
  38  3:10  Zergling x2  
  38  3:11  Zergling x6  
  39  3:34  Drone x4  
  42  3:52  Drone x2  
  42  3:54  Overlord x2  
  43  4:02  Zergling x2  
  43  4:03  Zergling x2  
  43  4:04  Hatchery  
  39  4:12  Zergling x8  
  35  4:23  Zergling x16  
  38  4:29  Zergling x2  
  34  4:39  Zergling x2  
  34  4:49  Drone x2, Queen x2  
  38  4:53  Drone  
  38  4:54  Drone  
  40  5:04  Drone  
  40  5:05  Drone  
  42  5:12  Drone  
  42  5:14  Drone  
  37  5:24  Queen  
  37  5:25  Zergling x2  
  37  5:26  Zergling x4  
  42  5:31  Zergling x2  
  42  5:32  Roach Warren  
  43  5:35  Zergling x2  
  43  5:36  Zergling x2  
  42  5:50  Zergling x8  
  42  5:56  Zergling x2  
  42  5:59  Queen x2  
  42  6:00  Queen  
  42  6:03  Zergling x2  
  42  6:04  Zergling x4  
  43  6:16  Zergling x8  
  46  6:19  Zergling x2  
  46  6:20  Zergling x2  
  46  6:22  Zergling x2  
  49  6:30  Zergling x6  
  52  6:43  Drone  
  52  6:44  Drone x4  
  57  6:52  Drone x3  
  56  6:57  Baneling Nest  
  55  7:03  Drone x3  
  54  7:19  Queen x2  
  54  7:20  Zergling x6  
  54  7:21  Zergling x2  
  61  7:25  Zergling x4  
  63  7:31  Zergling x4  
  63  7:33  Overlord  
  63  7:34  Overlord  
  63  7:43  Zergling x10  
  63  7:49  Baneling x5  
  63  7:50  Baneling  
  61  7:52  Zergling x6  
  61  7:56  Zergling x2  
Tags
 
Add a new tag
Caveats
  • Supply blocks, unpowered buildings, or Contaminate may cause inaccurate times.
  • Supply counts are checked every 10 seconds.